 Dungeon Crawl Stone Soup version 0.30-a0-1114-gd936c97349 (webtiles) character file.

Game seed: 2385314007714469674

15333 fortdeath9 the Cleaver (level 12, -7/247 HPs)
             Began as a Minotaur Fighter on Apr 19, 2023.
             Was a High Priest of Okawaru.
             Mangled by a yak (11 damage)
             ... on level 10 of the Dungeon on Apr 21, 2023.
             The game lasted 00:34:42 (10269 turns).

fortdeath9 the Cleaver (Minotaur Fighter)          Turns: 10269, Time: 00:34:42

Health: -7/247     AC: 26    Str: 23    XL:     12   Next: 0%
Magic:  0/13       EV:  2    Int: 12    God:    Okawaru [*****.]
Gold:   558        SH:  6    Dex:  9    Spells: 11/11 levels left

rFire   + . .      SeeInvis .    O - +1 broad axe (flame)
rCold   . . .      Faith    .    z - +0 buckler {rF+}
rNeg    . . .      Spirit   +    P - melded +0 plate armour {rPois}
rPois   +          Reflect  .    (helmet currently unavailable)
rElec   .          Rampage  .    M - melded scarf {repulsion}
rCorr   +          Clarity  +    (gloves currently unavailable)
Will    .....      NoTele   +    e - melded +0 pair of boots Stlth
                                 u - amulet "Tylib" {Spirit Int+3}
HPRegen 0.61/turn                A - +4 ring of slaying
MPRegen 0.13/turn                B - ring of resist corrosion

@: berserking (expiring), tree-form, very quick
A: stationary, stasis, torment immunity, boosted hp, (horns 2), (retaliatory
headbutt), (iridescent scales 1), clarity, clever 1, (cold resistance 1), weak 1
a: Renounce Religion, Heroism, Finesse, Duel


You were on level 10 of the Dungeon.
You worshipped Okawaru.
Okawaru was extremely pleased with you.
You were a tree.
You visited 2 branches of the dungeon, and saw 11 of its levels.
You also visited: Sewer.

You collected 610 gold pieces.
You spent 52 gold pieces at shops.

Inventory:

Hand Weapons
 O - a +1 broad axe of flaming (weapon)
Missiles
 i - 58 stones
 p - 3 throwing nets
Armour
 e - a +0 pair of boots (melded)
 z - a +0 buckler of fire resistance (worn)
 M - a scarf of repulsion (melded)
 N - +0 steam dragon scales
 P - a +0 plate armour of poison resistance (melded)
Jewellery
 c - a +5 ring of evasion
 u - the amulet "Tylib" (around neck) {Spirit Int+3}
   (You found it on level 3 of the Dungeon)

   [amulet of guardian spirit]

   It causes incoming damage to be divided between your reserves of health and
   magic.
   Int:       It affects your intelligence (+3).
 A - a +4 ring of slaying (left branch)
 B - a ring of resist corrosion (right branch)
 E - a +4 ring of protection
 L - an amulet of regeneration
Wands
 t - a wand of light (15)
 F - a wand of iceblast (5)
Scrolls
 a - a scroll of identify
 f - a scroll of enchant weapon
 g - 3 scrolls of teleportation
 h - 2 scrolls of brand weapon
 j - a scroll of noise
 m - a scroll of amnesia
 n - 2 scrolls of immolation
 r - 3 scrolls of fear
 s - a scroll of poison
 y - 3 scrolls of vulnerability
 G - 2 scrolls of enchant armour
Potions
 o - a potion of attraction {unknown}
 q - 2 potions of cancellation
 w - a potion of invisibility {unknown}
 x - 2 potions of resistance
 C - a potion of ambrosia {unknown}
 I - a potion of berserk rage
 K - a potion of magic {unknown}


   Skills:
 + Level 11.0 Fighting
 * Level 14.5 Axes
 + Level 11.0 Armour
 + Level 11.0 Shields
 + Level 3.7 Invocations


You had 11 spell levels left.
You didn't know any spells.
Your spell library contained the following spells:

 Spells                   Type           Power      Damage    Failure   Level
 Borgnjor's Vile Clutch   Necr/Erth      0%         N/A       100%        5
 Storm Form               Tmut/Air       0%         N/A       100%        7
 Maxwell's Capacitive Co  Air            0%         ∞         100%        8
 Animate Dead             Necr           Unusable   N/A       N/A         4
 Summon Lightning Spire   Summ/Air       Unusable   N/A       N/A         4
 Death Channel            Necr           Unusable   N/A       N/A         6

Dungeon Overview and Level Annotations

Branches:
Dungeon (10/15)            Temple (1/1) D:7           Sewer (visited)
   Lair: D:8-11         Orc: D:9-12

Altars:
Ashenzari
Cheibriados
Dithmenos
Elyvilon
Fedhas
Gozag
Hepliaklqana
Kikubaaqudgha
Makhleb
Nemelex Xobeh
Okawaru
Qazlal
Ru
Sif Muna
Trog
Uskayaw
Vehumet
Wu Jian
Xom
Yredelemnul
Zin
The Shining One

Shops:
D:4 (   D:5 =   D:6 **   D:7 *

Annotations:
D:6 exclusion: statue
D:9 exclusions: ice statue and orange crystal statue


Innate Abilities, Weirdness & Mutations

You are a tree.
Your roots penetrate the ground, keeping you stationary.
You cannot be teleported.
You are immune to unholy pain and torment.
Your maximum health is greatly increased.
Your equipment is partially melded.
((You have a pair of horns on your head.))
((You reflexively headbutt those who attack you in melee.))
((You are partially covered in iridescent scales. (AC +2)))
You possess an exceptional clarity of mind.
Your mind is acute. (Int +4, Str/Dex -1)
((Your flesh is cold resistant. (rC+)))
You are weak. (Str -2)


Message History

You barely miss the vampire.
The vampire is severely damaged.
A yak comes into view.
The vampire hits you.
* * * LOW HITPOINT WARNING * * *
You block the vampire's attack.
You barely miss the vampire.
The vampire is severely damaged.
You barely miss the killer bee. The killer bee stings you.
* * * LOW HITPOINT WARNING * * *
The killer bee stings you but does no damage.
The vampire hits you.
* * * LOW HITPOINT WARNING * * *
The vampire bites you but does no damage.
It was a potion of berserk rage.
A red film seems to cover your vision as you go berserk!
You feel yourself moving faster!
You feel mighty!
The killer bee stings you but does no damage. x2
The vampire hits you.
* * * LOW HITPOINT WARNING * * *
The vampire bites you but does no damage.
You slice the vampire!! You burn the vampire.
You destroy the vampire!
Okawaru accepts your kill.
You closely miss the killer bee.
The centaur almost stumbles in trying to escape.
The killer bee stings you but does no damage.
You slice the killer bee!! You burn the killer bee.
You kill the killer bee!
Okawaru accepts your kill.
You have reached level 12!
You feel stronger.
The komodo dragon seems to regain its courage.
A yak comes into view.
You hit the yak. You burn the yak.
The yak is lightly wounded.
You slash the yak! You burn the yak.
The yak is heavily wounded.
The yak gores you!
You die...

+ +..♣ .. #....
#..♣ #. #....
#..♣♣ #.
#.....#l.Y ###.
♣ #.....#..♣
#... ♣.
#.....#))♣
####...
♣..+#####)..♣
#......
♣........†Y.♣
#####.#
♣.........♣.♣
####...
♣♣♣♣♣♣.♣♣♣♣♣♣
#....#. ♣.♣
####... #####
###♣.♣ #.###.#
....# ♣♣.)).♣
#.# #.#
...♣♣♣♣♣.♣♣..♣
♣#.###.#
♣.♣...♣..♣♣...♣
♣....#.#
...♣♣♣.♣♣.♣♣♣♣.♣
♣#.#...#
....#♣♣♣ ♣.. ♣♣
#.###.#


You could see a komodo dragon and 2 yaks.

Vanquished Creatures
  A hydra (D:10)
  A centaur warrior (D:10)
  A boulder beetle (D:10)
  A two-headed ogre (D:10)
  A fire crab (shapeshifter) (D:10)
  An ugly thing (D:10)
  2 gargoyles (D:10)
  Maggie (D:6)
  A kobold demonologist (D:10)
  A komodo dragon (D:10)
  A meliai (D:10)
  2 trolls
  2 hornets
  2 slime creatures (D:10)
  A wraith (D:10)
  A wyvern (D:10)
  24 yaks
  Eustachio (D:4)
  2 shadows (D:10)
  2 vampires (D:10)
  2 steam dragons (D:8)
  An acid dragon (D:10)
  2 water moccasins
  Duvessa (D:6)
  5 orc warriors
  An ice beast (D:6)
  A sky beast (D:7)
  6 centaurs
  3 kobold brigands
  2 phantoms
  2 bullfrogs (D:8)
  2 scorpions
  15 wights
  Dowan (D:6)
  11 killer bees
  5 howler monkeys
  4 jellies
  3 hounds
  A gnoll bouda (D:8)
  4 orc priests
  2 sleepcaps (D:6)
  Ijyb (D:4)
  3 iguanas
  7 orc wizards
  Terence (D:3)
  A mummy (D:8)
  7 gnolls
  10 adders
  A shadow imp (D:6)
  4 worms
  A dart slug (D:1)
  26 orcs
  23 endoplasms
  5 giant cockroaches
  7 goblins
  5 hobgoblins
  3 jackals (D:1)
  5 quokkas
  12 ball pythons
  9 bats
  11 frilled lizards
  7 kobolds
  12 rats
284 creatures vanquished.

Vanquished Creatures (others)
  An orc wizard (D:10)
  12 plants (D:10)
13 creatures vanquished.

Grand Total: 297 creatures vanquished

Notes
Turn   | Place    | Note
-------+----------+-------------------------------------------
     0 | D:1      | fortdeath9 the Minotaur Fighter began the quest for the
                  | Orb.
     0 | D:1      | Reached XP level 1. HP: 19/19 MP: 0/0
    66 | D:1      | Reached XP level 2. HP: 27/27 MP: 1/1
   213 | D:1      | Reached skill level 3 in Axes
   238 | D:1      | Reached XP level 3. HP: 33/33 MP: 2/2
   246 | D:1      | Found a faded altar of an unknown god.
   635 | D:2      | Reached XP level 4. HP: 26/40 MP: 3/3
  1169 | D:3      | Gained mutation: Your mind is acute. (Int +4, Str/Dex -1)
                  | [potion of mutation]
  1169 | D:3      | Gained mutation: You have large cloven feet. [potion of
                  | mutation]
  1169 | D:3      | Gained mutation: You are agile. (Dex +4, Str/Int -1)
                  | [potion of mutation]
  1276 | D:3      | Noticed Terence
  1285 | D:3      | Killed Terence
  1286 | D:3      | Reached skill level 4 in Axes
  1393 | D:3      | Reached XP level 5. HP: 47/47 MP: 4/4
  1721 | D:3      | Found a stormy altar of Qazlal.
  1723 | D:3      | Found a shadowy altar of Dithmenos.
  1727 | D:3      | Identified the amulet "Tylib" {Spirit Int+3}
  1775 | D:3      | Found a glowing drain.
  1798 | Sewer    | Entered a sewer
  2004 | Sewer    | Reached skill level 5 in Axes
  2004 | Sewer    | Reached XP level 6. HP: 39/55 MP: 2/5
  2070 | Sewer    | Found a viscous altar of Jiyva.
  2074 | Sewer    | Reached skill level 5 in Fighting
  2074 | Sewer    | Reached skill level 5 in Shields
  2089 | Sewer    | Lost mutation: You have large cloven feet. [potion of
                  | mutation]
  2089 | Sewer    | Lost mutation: You are agile. (Dex +4, Str/Int -1) [potion
                  | of mutation]
  2089 | Sewer    | Gained mutation: You are weak. (Str -2) [potion of
                  | mutation]
  2089 | Sewer    | Gained mutation: Your flesh is cold resistant. (rC+)
                  | [potion of mutation]
  2089 | Sewer    | Gained mutation: You possess an exceptional clarity of
                  | mind. [potion of mutation]
  2089 | Sewer    | Gained mutation: You are partially covered in iridescent
                  | scales. (AC +2) [potion of mutation]
  2618 | D:4      | Reached skill level 5 in Armour
  2770 | D:4      | Noticed Ijyb
  2777 | D:4      | Killed Ijyb
  2870 | D:4      | Noticed Eustachio
  2892 | D:4      | Killed Eustachio
  2893 | D:4      | Reached skill level 6 in Axes
  2893 | D:4      | Reached XP level 7. HP: 41/61 MP: 2/6
  3006 | D:4      | Found Yveidghoth's Weapon Shop.
  3248 | D:4      | Found an opulent altar of Gozag.
  3369 | D:5      | Entered Level 5 of the Dungeon
  3835 | D:5      | Found Gurghaic's Jewellery Shoppe.
  4071 | D:5      | Reached skill level 7 in Axes
  4182 | D:6      | Reached XP level 8. HP: 70/70 MP: 7/7
  4236 | D:6      | Found a radiant altar of Vehumet.
  4272 | D:6      | Found Qoppeasch's Specific Store.
  4273 | D:6      | Found Fistoits's General Store.
  4281 | D:6      | Bought a scroll of identify for 26 gold pieces
  4281 | D:6      | Bought a scroll of identify for 26 gold pieces
  4424 | D:6      | Reached skill level 8 in Axes
  4562 | D:6      | Noticed Dowan
  4570 | D:6      | Killed Dowan
  4750 | D:6      | Noticed Duvessa
  4763 | D:6      | Killed Duvessa
  4913 | D:6      | Noticed Maggie
  4933 | D:6      | Killed Maggie
  4934 | D:6      | Reached skill level 9 in Axes
  5674 | D:7      | Found Cofadac's Fire Supplies.
  5710 | D:7      | Reached XP level 9. HP: 65/79 MP: 5/8
  5845 | D:7      | Noticed a troll
  5852 | D:7      | Killed a troll
  5941 | D:7      | Found a staircase to the Ecumenical Temple.
  5948 | Temple   | Entered the Ecumenical Temple
  6231 | Temple   | Became a worshipper of Warmaster Okawaru
  6393 | D:7      | Reached skill level 10 in Axes
  7269 | D:8      | Identified the +12 mace of the Skies Above {freeze, Drain
                  | rF++ rN+ rCorr}
  7380 | D:8      | Found a glowing golden altar of the Shining One.
  7385 | D:8      | Reached * piety under Okawaru
  7388 | D:8      | Reached skill level 11 in Axes
  7391 | D:8      | Reached XP level 10. HP: 49/90 MP: 4/9
  8292 | D:9      | Noticed an orange crystal statue
  8294 | D:9      | Upgraded the game from 0.30-a0-1112-gfb780f5df6 to
                  | 0.30-a0-1114-gd936c97349
  8487 | D:9      | Reached ** piety under Okawaru
  8568 | D:9      | Reached skill level 12 in Axes
  8847 | D:9      | Reached *** piety under Okawaru
  9037 | D:9      | Reached XP level 11. HP: 89/99 MP: 10/10
  9039 | D:9      | Reached skill level 13 in Axes
  9502 | D:10     | Entered Level 10 of the Dungeon
  9600 | D:10     | Reached **** piety under Okawaru
  9601 | D:10     | Reached skill level 10 in Fighting
  9601 | D:10     | Reached skill level 10 in Shields
  9637 | D:10     | Reached skill level 10 in Armour
  9857 | D:10     | Noticed a two-headed ogre
  9867 | D:10     | Killed a two-headed ogre
  9868 | D:10     | Reached skill level 1 in Invocations
 10185 | D:10     | Noticed a boulder beetle
 10185 | D:10     | Noticed an eight-headed hydra
 10186 | D:10     | Noticed a centaur warrior
 10193 | D:10     | Killed a four-headed hydra
 10193 | D:10     | Noticed a green ugly thing
 10198 | D:10     | Killed a green ugly thing
 10201 | D:10     | Reached ***** piety under Okawaru
 10201 | D:10     | Noticed a fire crab
 10212 | D:10     | Killed a centaur warrior
 10213 | D:10     | Reached skill level 14 in Axes
 10245 | D:10     | Killed a boulder beetle
 10254 | D:10     | Killed a fire crab
 10262 | D:10     | HP: 4/153 [vampire (5)]
 10267 | D:10     | Reached XP level 12. HP: 3/110 MP: 0/13
 10269 | D:10     | Mangled by a yak

Illustrated notes

Levels and vault maps discovered:
D:1:      grunt_arrival_lava_bath, layout_rooms,
          chequers_ecumenical_altar_simple
D:2:      layout_basic, chequers_serial_rivers_marsh
D:3:      layout_loops_ring, minitemple, cheibrodos_sewer_entry_bend,
          grunt_ministairs_2, uniq_terence
D:4:      layout_loops_corners, mainiacjoe_overflow_alcove_1, serial_shops,
          nicolae_shop_behind_doors, minmay_between, uniq_eustachio, uniq_ijyb
D:5:      layout_basic, minmay_shop_enchanted_jewellery
D:6:      layout_loops_corners, vehumet_statue, st_stairs_4,
          hangedman_decor_slide_cut, hangedman_decor_opposing,
          nicolae_specific_store, kennysheep_dice, uniq_maggie, uniq_duvessa
D:7:      nicolae_cairo_tiling, layout_loops_corners, minmay_misc_feat_doors,
          nicolae_shop_fire_sale [nicolae_sub_dead_trees],
          kennysheep_generic_room_8
D:8:      kennysheep_six_static_rooms, layout_loops_ring, tso_metal_star,
          gup_ossuary_entry_pyramid, grunt_ministairs_15
D:9:      minmay_separated_statues, layout_small_grid
D:10:     nzn_winding_woodlands_large [nzn_winding_woodlands_5x5_default,
          nzn_winding_woodlands_5x15_garden,
          nzn_winding_woodlands_5x5_checkerboard,
          nzn_winding_woodlands_center_lodge,
          nzn_winding_woodlands_15x15_killbox,
          nzn_winding_woodlands_center_garden, nzn_winding_woodlands_hourglass,
          nzn_winding_woodlands_5x15_crooked, nzn_winding_woodlands_5x5_three],
          layout_loops_ring
Temple:   minmay_temple_bridge_d

Skill      XL: |  1  2  3  4  5  6  7  8  9 10 11 |
---------------+----------------------------------+-----
Armour         | 4 5 6 7 8 9 11 | 11.0
Fighting       | 4 5 6 7 8 9 11 | 11.0
Shields        | 4 5 6 7 8 9 11 | 11.0
Axes           | 3 4 5 6 7 9 11 12 14 | 14.5
Invocations    | 3 |  3.7

Action                     |  1- 3 |  4- 6 |  7- 9 | 10-12 || total
---------------------------+-------+-------+-------+-------++-------
  Melee: War axe           |    82 |   173 |   194 |   132 ||   581
         Headbutt          |     9 |    28 |    40 |    38 ||   115
         Broad axe         |       |       |       |   145 ||   145
  Throw: Stone             |     4 |     8 |     8 |       ||    20
 Invoke: Heroism           |       |       |       |     1 ||     1
    Use: Scroll            |     1 |     3 |     5 |     6 ||    15
         Potion            |       |     5 |     1 |     9 ||    15
 Armour: Scale mail        |    41 |    75 |    24 |       ||   140
         Plate armour      |       |       |    56 |   100 ||   156
         Skin              |       |       |       |    81 ||    81
  Dodge: Dodged            |    55 |    58 |    63 |    35 ||   211
         Repelled          |       |       |       |     1 ||     1
  Block: Buckler           |    21 |    39 |    34 |    74 ||   168

Table legend: (Time is in decaauts)
 A = Elapsed time spent in this place.
 B = Non-inter-level travel time spent in this place.
 C = Inter-level travel time spent in this place.
 D = Time resting spent in this place.
 E = Time spent auto-exploring this place.
 F = Levels seen in this place.
 G = Mean time per level.
                   A        B        C        D        E       F      G
               +--------+--------+--------+--------+--------+-----+--------+
         Total |  10353 |   9926 |    427 |    974 |   6662 |  12 |  862.8 |
       Dungeon |   9605 |   9323 |    282 |    974 |   6317 |  10 |  960.5 |
        Temple |    355 |    210 |    145 |      0 |    184 |   1 |  355.0 |
         Sewer |    392 |    392 |      0 |      0 |    161 |   1 |  392.0 |
               +--------+--------+--------+--------+--------+-----+--------+

Top non-repeatable levels by time:
     D:8: 1440 daAuts
     D:9: 1236 daAuts
     D:6: 1222 daAuts
     D:7: 1136 daAuts
     D:4: 1014 daAuts
     D:3: 857 daAuts
    D:10: 753 daAuts
     D:5: 729 daAuts
     D:2: 683 daAuts
     D:1: 530 daAuts
   Sewer: 392 daAuts
  Temple: 355 daAuts
